 Dungeon Crawl Stone Soup version 0.30-a0-347-gf58ed5266c (webtiles) character file.

Game seed: 10865049675718920774

533 p00ps00p the Trooper (level 7, -6/55 HPs)
             Began as a Demonspawn Fighter on Nov 5, 2022.
             Mangled by an iguana (12 damage)
             ... on level 5 of the Dungeon.
             The game lasted 00:05:17 (4148 turns).

p00ps00p the Trooper (Demonspawn Fighter)           Turns: 4148, Time: 00:05:18

Health: -6/55      AC:  8    Str: 18    XL:     7   Next: 4%
Magic:  7/7        EV: 10    Int:  9    God:
Gold:   183        SH:  5    Dex: 15    Spells: 6/6 levels left

rFire   + . .      SeeInvis .    a - +0 war axe
rCold   . . .      Faith    .    c - +0 buckler
rNeg    . . .      Spirit   .    o - +0 ring mail {rF+}
rPois   .          Reflect  .    (no helmet)
rElec   .          Harm     .    v - +0 cloak
rCorr   .          Rampage  .    (no gloves)
Will    +....                    d - +0 pair of boots
Stlth   ++........               (no amulet)
HPRegen 0.29/turn                l - ring of willpower
MPRegen 0.10/turn                (no ring)

@: no status effects
A: claws 1, thin skeletal structure 1, demonic guardian 1, foul stench 1
a: no special abilities


You were on level 5 of the Dungeon.
You visited 1 branch of the dungeon, and saw 5 of its levels.

You collected 281 gold pieces.
You spent 98 gold pieces at shops.

Inventory:

Hand Weapons
 a - a +0 war axe (weapon)
Armour
 b - a +0 scale mail
 c - a +0 buckler (worn)
 d - a +0 pair of boots (worn)
 o - a +0 ring mail of fire resistance (worn)
 v - a +0 cloak (worn)
Jewellery
 j - a ring of ice
 l - a ring of willpower (left claw)
 x - a ring of fire
Wands
 s - a wand of flame (17)
 y - a wand of mindburst (17)
Scrolls
 f - 2 scrolls of immolation
 g - a scroll of fear {unknown}
 i - a scroll of butterflies
 k - a scroll of teleportation
 q - 2 scrolls of identify
 w - a scroll of vulnerability {unknown}
 z - a scroll of magic mapping
Potions
 e - 4 potions of curing
 h - a potion of attraction
 m - a potion of haste {unknown}
 n - a potion of degeneration {unknown}
 p - a potion of flight {unknown}
 r - a potion of mutation {unknown}
 t - a potion of ambrosia {unknown}
 u - 2 potions of resistance {unknown}


   Skills:
 + Level 4.7 Fighting
 + Level 3.8 Axes
 + Level 4.3 Armour
 + Level 4.3 Shields


You had 6 spell levels left.
You didn't know any spells.
Your spell library contained the following spells:

 Spells                   Type           Power      Damage    Failure   Level
 Magic Dart               Conj           0%         1d3       65%         1
 Sandblast                Erth           0%         2d4       65%         1
 Call Imp                 Summ           0%         N/A       80%         2
 Passwall                 Tmut/Erth      0%         N/A       80%         2
 Gell's Gravitas          Tloc           0%         N/A       95%         3
 Lesser Beckoning         Tloc           0%         N/A       95%         3
 Mephitic Cloud           Conj/Pois/Air  0%         N/A       95%         3
 Stone Arrow              Conj/Erth      0%         3d7       95%         3
 Teleport Other           Tloc           0%         N/A       95%         3
 Animate Dead             Necr           0%         N/A       100%        4
 Borgnjor's Vile Clutch   Necr/Erth      0%         N/A       100%        5
 Death Channel            Necr           0%         N/A       100%        6


Dungeon Overview and Level Annotations

Branches:
Dungeon (5/15)             Temple (0/1) D:4

Altars:
Hepliaklqana
Okawaru
Trog

Shops:
D:1 [   D:5 =


Innate Abilities, Weirdness & Mutations

You have sharp fingernails.
You have a somewhat thin skeletal structure. (Dex +2, Stealth+)
A weak demonic guardian rushes to your aid.
You may rarely emit foul miasma when damaged in melee.


Message History

The iguana closely misses you.
You closely miss the iguana.
The iguana is almost dead.
You closely miss the iguana. The iguana completely misses you.
You block the iguana's attack. The iguana barely misses you.
The iguana bites you!
You are too injured to fight recklessly!
You are too injured to fight recklessly!
You are too injured to fight recklessly!
You are too injured to fight recklessly!
You are too injured to fight recklessly!
You are too injured to fight recklessly!
You are too injured to fight recklessly!
You are too injured to fight recklessly!
You are too injured to fight recklessly!
You are too injured to fight recklessly!
You are too injured to fight recklessly!
You are too injured to fight recklessly!
You are too injured to fight recklessly!
You are too injured to fight recklessly!
You are too injured to fight recklessly!
You are too injured to fight recklessly!
You are too injured to fight recklessly!
You are too injured to fight recklessly!
You are too injured to fight recklessly!
You are too injured to fight recklessly!
There are monsters nearby!
Unknown command.
You are too injured to fight recklessly!
You closely miss the iguana.
The iguana is almost dead.
You closely miss the iguana. The iguana bites you!
* * * LOW HITPOINT WARNING * * *
A demonic guardian appears!
The iguana bites you.
* * * LOW HITPOINT WARNING * * *
You hit the iguana.
The iguana is severely wounded.
You barely miss the iguana. The iguana closely misses you.
The iguana bites you!
You die...

### ..# #.# #.### #.#<#
#.#.# #l#.#
######@#.##############
....(5.l................
#######.#.##############
#.#.# ######### #.#.#
#........ #...#
#.####### ##### #.# #.#
#.#


You could see 2 iguanas and a friendly quasit (summoned).

Vanquished Creatures
  Menkaure (D:4)
  A howler monkey (D:5)
  A hound (D:4)
  A jelly (D:5)
  An iguana (D:4)
  Ijyb (D:3)
  4 orc wizards
  3 adders
  A worm (D:2)
  3 dart slugs
  7 orcs
  5 ball pythons
  6 endoplasms
  A giant cockroach (D:1)
  5 hobgoblins
  2 jackals (D:1)
  5 kobolds
  2 quokkas
  2 bats
  5 frilled lizards
  4 goblins
  3 rats
64 creatures vanquished.

Vanquished Creatures (collateral kills)
  Blork the orc (D:4)
  An endoplasm (D:4)
2 creatures vanquished.

Grand Total: 66 creatures vanquished

Notes
Turn   | Place    | Note
-------+----------+-------------------------------------------
     0 | D:1      | p00ps00p the Demonspawn Fighter began the quest for the
                  | Orb.
     0 | D:1      | Reached XP level 1. HP: 18/18 MP: 1/1
    57 | D:1      | Found a faded altar of an unknown god.
   130 | D:1      | Found Isour's Armour Shop.
   136 | D:1      | Gained mutation: You have sharp fingernails. [demonic
                  | ancestry]
   136 | D:1      | Reached XP level 2. HP: 19/24 MP: 2/2
   488 | D:1      | Gained mutation: You have a somewhat thin skeletal
                  | structure. (Dex +2, Stealth+) [demonic ancestry]
   488 | D:1      | Reached XP level 3. HP: 29/29 MP: 3/3
  1349 | D:3      | Noticed Ijyb
  1362 | D:3      | Killed Ijyb
  1363 | D:3      | Reached XP level 4. HP: 35/35 MP: 4/4
  1474 | D:3      | Found an iron altar of Okawaru.
  1909 | D:1      | Bought a +0 pair of boots for 49 gold pieces
  1909 | D:1      | Bought a +0 cloak for 49 gold pieces
  2591 | D:3      | Gained mutation: A weak demonic guardian rushes to your
                  | aid. [demonic ancestry]
  2591 | D:3      | Reached XP level 5. HP: 41/42 MP: 5/5
  2812 | D:3      | Found a hazy altar of Hepliaklqana.
  2813 | D:3      | Found a bloodstained altar of Trog.
  3033 | D:4      | Found a staircase to the Ecumenical Temple.
  3244 | D:4      | Noticed Blork the orc
  3255 | D:4      | HP: 2/42 [Blork the orc/+0 glaive (6)]
  3257 | D:4      | Killed Blork the orc
  3258 | D:4      | Gained mutation: You may rarely emit foul miasma when
                  | damaged in melee. [demonic ancestry]
  3258 | D:4      | Reached XP level 6. HP: 25/48 MP: 6/6
  3650 | D:4      | Noticed Menkaure
  3660 | D:4      | Killed Menkaure
  3855 | D:5      | Entered Level 5 of the Dungeon
  4017 | D:5      | Found Sinena's Jewellery Boutique.
  4120 | D:5      | Reached XP level 7. HP: 49/55 MP: 7/7
  4148 | D:5      | Mangled by an iguana

Illustrated notes

Levels and vault maps discovered:
D:1:      enne_arrival_octagon_isle, layout_basic,
          nicolae_ecumenical_snake_handling, serial_shops, shop
D:2:      layout_basic, chequers_jeans, corexii_shack, hangedman_glass_garden,
          patterned_corridor
D:3:      layout_basic, mainiacjoe_overflow_large_starburst,
          gammafunk_temple_overflow_statue,
          nicolae_concentric_dashed_squares_wild, grunt_ministairs_5, uniq_ijyb
D:4:      layout_rooms, minmay_temple_entry_junction, uniq_blork_the_orc,
          uniq_menkaure
D:5:      layout_basic, minmay_shop_enchanted_jewellery,
          chequers_serial_rivers_room_b, uniq_duvessa

Skill      XL: |  1  2  3  4  5  6 |
---------------+-------------------+-----
Axes           | 2 3 |  3.8
Armour         | 3 4 |  4.3
Shields        | 3 4 |  4.3
Fighting       | 4 |  4.7

Action                   |  1- 3 |  4- 6 |  7- 9 || total
-------------------------+-------+-------+-------++-------
Melee: War axe           |   106 |   124 |     8 ||   238
Evoke: Wand              |       |     2 |       ||     2
  Use: Scroll            |       |     9 |       ||     9
       Potion            |       |     3 |       ||     3
 Stab: Sleeping          |       |     2 |       ||     2
Armor: Scale mail        |    41 |    22 |       ||    63
       Ring mail         |       |    27 |     2 ||    29
Dodge: Dodged            |    43 |    42 |     7 ||    92
Block: Buckler           |    25 |    27 |     2 ||    54

Table legend: (Time is in decaauts)
 A = Elapsed time spent in this place.
 B = Non-inter-level travel time spent in this place.
 C = Inter-level travel time spent in this place.
 D = Time resting spent in this place.
 E = Time spent auto-exploring this place.
 F = Levels seen in this place.
 G = Mean time per level.
                   A        B        C        D        E       F      G
               +--------+--------+--------+--------+--------+-----+--------+
         Total |   4244 |   4054 |    190 |   1213 |   2203 |   5 |  848.8 |
       Dungeon |   4244 |   4054 |    190 |   1213 |   2203 |   5 |  848.8 |
               +--------+--------+--------+--------+--------+-----+--------+

Top non-repeatable levels by time:
     D:1: 1276 daAuts
     D:3: 1027 daAuts
     D:4: 996 daAuts
     D:2: 630 daAuts
     D:5: 313 daAuts
